[Event "Titled Tuesday Blitz October 31 Late 2023"]
[White "Golubev, Mikhail"]
[Black "Jovic, Stanoje"]
[WhiteFideId "14100983"]
[BlackFideId "905020"]
[WhiteElo "2530"]
[BlackElo "2438"]
[Result "1-0"]
[Round "11"]
[TimeControl "180+1"]
[Date "2023.10.31"]
[WhiteClock "0:01:06"]
[BlackClock "0:00:00"]
[Board "55"]

1. e4 c6 2. Nf3 d5 3. Nc3 Nf6 4. e5 Ne4 5. Ne2 Qb6 6. d4 f6 7. Ng3 Bg4 8. Bd3 fxe5 9. Nxe4 dxe4 10. Bxe4 exd4 11. Qd3 Bxf3 12. gxf3 Nd7 13. Bf4 e5 14. Bg5 Bb4+ 15. c3 Be7 16. Bxe7 Kxe7 17. Rg1 g6 18. O-O-O Nf6 19. Rg5 Qc5 20. f4 dxc3 21. Rxe5+ 1-0


[Site "https://www.chess.com"]

[Event "Titled Tuesday Blitz October 31 Late 2023"]
[White "Avazkhonov, Alikhon"]
[Black "szachmistrz2500"]
[WhiteFideId "14208504"]
[WhiteElo "2526"]
[BlackElo "2436"]
[Result "1-0"]
[Round "11"]
[TimeControl "180+1"]
[Date "2023.10.31"]
[WhiteClock "0:00:05"]
[BlackClock "0:00:00"]
[Board "56"]

1. d4 Nf6 2. c4 e6 3. Nc3 d5 4. cxd5 exd5 5. Bg5 Be7 6. e3 O-O 7. Bd3 c6 8. Qc2 Nbd7 9. Nf3 Re8 10. O-O-O Nf8 11. Kb1 Ne4 12. Bxe4 Bxg5 13. Bd3 Be7 14. h4 Be6 15. Rdg1 b5 16. g4 a5 17. Ne5 Rc8 18. g5 b4 19. Ne2 c5 20. dxc5 Bxc5 21. Qd2 d4 22. Nxd4 Bxd4 23. exd4 Qd5 24. b3 Red8 25. Rd1 a4 26. Bc4 Qa5 27. Bxe6 Nxe6 28. d5 axb3 29. axb3 Rc3 30. Qa2 Qxa2+ 31. Kxa2 Nc5 32. Kb2 Rxb3+ 33. Kc2 Rc3+ 34. Kb2 Rb3+ 35. Kc2 Ra8 36. Ra1 1-0


[Site "https://www.chess.com"]

[Event "Titled Tuesday Blitz October 31 Late 2023"]
[White "Mystery2007"]
[Black "Kornyukov, Alexey"]
[BlackFideId "4150457"]
[WhiteElo "2484"]
[BlackElo "2342"]
[Result "1-0"]
[Round "11"]
[TimeControl "180+1"]
[Date "2023.10.31"]
[WhiteClock "0:00:03"]
[BlackClock "0:00:00"]
[Board "58"]

1. Nf3 d5 2. c4 c6 3. g3 Nf6 4. cxd5 cxd5 5. Bg2 Nc6 6. O-O Bf5 7. d3 e6 8. b3 Be7 9. Bb2 O-O 10. Nbd2 Rc8 11. Nd4 Bg6 12. Rc1 Qa5 13. Ra1 Ba3 14. Nxc6 Rxc6 15. Bxf6 gxf6 16. e4 dxe4 17. Nxe4 Bb2 18. Rb1 Bd4 19. h4 h5 20. Bf3 Qe5 21. Kg2 Rfc8 22. Re1 Rc2 23. Re2 Rxe2 24. Qxe2 b6 25. Qd2 Kg7 26. Rc1 Rd8 27. Rc4 Bc5 28. Qc2 Bxe4 29. Rxe4 Qd6 30. d4 Bxd4 31. Bxh5 f5 32. Re2 Bc5 33. Bf3 Qd4 34. h5 Rd6 35. Qc1 Qf6 36. Qf4 Rd4 37. Qb8 Qg5 38. Qe5+ Qf6 39. Qc7 Rd3 40. Qxa7 Qg5 41. Qb7 Rd4 42. Qc7 Qf6 43. Qb8 Rd3 44. h6+ Qxh6 45. Qe5+ Qf6 46. Qf4 Rd4 47. Qc1 Rd3 48. Qc2 Rc3 49. Qd2 Bd4 50. Qf4 e5 51. Qd2 e4 52. Bxe4 fxe4 53. Rxe4 Bc5 54. Rg4+ Kf8 55. Qd7 1-0


[Site "https://www.chess.com"]

[Event "Titled Tuesday Blitz October 31 Late 2023"]
[White "Hoffmann, Asa"]
[Black "Olsen, Filip Boe"]
[WhiteFideId "2001470"]
[BlackFideId "1440640"]
[WhiteElo "2426"]
[BlackElo "2624"]
[Result "1-0"]
[Round "11"]
[TimeControl "180+1"]
[Date "2023.10.31"]
[WhiteClock "0:00:28"]
[BlackClock "0:00:09"]
[Board "59"]

1. d4 Nf6 2. Bg5 e6 3. Nd2 h6 4. Bh4 c5 5. c3 Nc6 6. e3 Be7 7. Bd3 d5 8. f4 g5 9. fxg5 hxg5 10. Bxg5 e5 11. Bb5 Ng4 12. Bxe7 Qxe7 13. Qe2 exd4 14. exd4 Ne3 15. Kf2 Ng4+ 16. Ke1 cxd4 17. Bxc6+ bxc6 18. Qxe7+ Kxe7 19. cxd4 Nxh2 20. Ke2 Bd7 21. Ngf3 Ng4 22. Ne5 Nxe5 23. dxe5 Rxh1 24. Rxh1 Rg8 25. Kf2 Bg4 26. Nf3 Bxf3 27. gxf3 c5 28. f4 Rb8 29. b3 c4 30. bxc4 dxc4 31. Ke3 Rb2 32. Rc1 Rxa2 33. Rxc4 Kd7 34. Ke4 a5 35. Kf5 a4 36. Kf6 a3 37. Ra4 Rf2 38. f5 a2 39. Ra7+ Kc6 40. e6 fxe6 41. Kxe6 Re2+ 42. Kf7 Rf2 43. f6 Kd6 44. Kg7 Rg2+ 45. Kf8 Rf2 46. f7 Ke6 47. Ke8 Rxf7 48. Ra6+ 1-0


[Site "https://www.chess.com"]

[Event "Titled Tuesday Blitz October 31 Late 2023"]
[White "Souleidis, Georgios"]
[Black "Kawuma, Patrick"]
[WhiteFideId "4206827"]
[BlackFideId "10000127"]
[WhiteElo "2575"]
[BlackElo "2419"]
[Result "1-0"]
[Round "11"]
[TimeControl "180+1"]
[Date "2023.10.31"]
[WhiteClock "0:01:26"]
[BlackClock "0:01:26"]
[Board "60"]

1. e4 c5 2. Be2 Nc6 3. d3 e5 4. f4 d6 5. Nf3 g6 6. fxe5 dxe5 7. O-O Bg7 8. Be3 b6 9. c4 Nge7 10. Nc3 O-O 11. Nd5 Nd4 12. Nxd4 Nxd5 13. cxd5 exd4 14. Bf4 f5 15. Qd2 Ba6 16. exf5 Rxf5 17. Bg4 Rxd5 18. Be6+ Kh8 19. Bxd5 Qxd5 20. Rae1 c4 21. Bh6 Be5 22. Qg5 1-0


[Site "https://www.chess.com"]

[Event "Titled Tuesday Blitz October 31 Late 2023"]
[White "Zakarian, David"]
[Black "Karttunen, Mika"]
[WhiteFideId "13301276"]
[BlackFideId "502081"]
[WhiteElo "2428"]
[BlackElo "2572"]
[Result "1/2-1/2"]
[Round "11"]
[TimeControl "180+1"]
[Date "2023.10.31"]
[WhiteClock "0:00:09"]
[BlackClock "0:00:36"]
[Board "61"]

1. e4 c5 2. b3 Nf6 3. e5 Nd5 4. Bb2 d6 5. Bc4 Nb6 6. Bb5+ Bd7 7. Qe2 Bxb5 8. Qxb5+ Qd7 9. Qxd7+ Kxd7 10. exd6 exd6 11. Nf3 f6 12. d4 d5 13. Nc3 c4 14. O-O-O cxb3 15. axb3 Nc6 16. h4 h5 17. Ne2 Bd6 18. Kb1 Rhe8 19. Rhe1 a5 20. Nc1 a4 21. Nd3 Rxe1 22. Rxe1 axb3 23. cxb3 Nc8 24. Ng1 b6 25. Nh3 N8e7 26. Nhf4 Rh8 27. g3 Rh6 28. Ne6 Nf5 29. Ndf4 Bxf4 30. Nxf4 g5 31. hxg5 fxg5 32. Nxd5 Ncxd4 33. Nxb6+ Kc6 34. Nc4 Nxb3 35. Ne5+ Kb5 36. Nf7 Nd2+ 37. Kc2 Nf3 38. Nxh6 Nxe1+ 39. Kd1 Nxh6 40. Kxe1 g4 41. Bc1 Nf5 42. Ke2 Kc4 43. Bf4 Kd4 44. f3 Kd5 45. fxg4 hxg4 46. Kf2 Ke4 47. Bb8 Nxg3 48. Bxg3 1/2-1/2


[Site "https://www.chess.com"]

[Event "Titled Tuesday Blitz October 31 Late 2023"]
[White "Colbow, Collin"]
[Black "Pinto, Daniel"]
[WhiteFideId "16201132"]
[BlackFideId "3303144"]
[WhiteElo "2554"]
[BlackElo "2416"]
[Result "0-1"]
[Round "11"]
[TimeControl "180+1"]
[Date "2023.10.31"]
[WhiteClock "0:00:02"]
[BlackClock "0:00:16"]
[Board "62"]

1. c4 e5 2. a3 a5 3. Nc3 Nc6 4. e3 Nf6 5. Nf3 d5 6. cxd5 Nxd5 7. Qc2 Nxc3 8. bxc3 Bd6 9. d4 Bd7 10. Be2 Qf6 11. O-O O-O 12. d5 Ne7 13. c4 b6 14. Bb2 Ng6 15. Nd2 Qe7 16. Ne4 f5 17. Nxd6 cxd6 18. a4 f4 19. exf4 Nxf4 20. Rfe1 Qg5 21. Bf3 Nh3+ 22. Kh1 Bg4 23. Be4 Nxf2+ 24. Kg1 Nh3+ 25. Kh1 Nf2+ 26. Kg1 Nxe4 27. Qxe4 Rf4 28. Qc2 Raf8 29. Rf1 Rxf1+ 30. Rxf1 Qe3+ 31. Rf2 Qe1+ 0-1


[Site "https://www.chess.com"]

[Event "Titled Tuesday Blitz October 31 Late 2023"]
[White "Sargsyan, Anna M."]
[Black "Spichkin, Alexander"]
[WhiteFideId "13308130"]
[BlackFideId "4144074"]
[WhiteElo "2530"]
[BlackElo "2432"]
[Result "1-0"]
[Round "11"]
[TimeControl "180+1"]
[Date "2023.10.31"]
[WhiteClock "0:01:28"]
[BlackClock "0:00:47"]
[Board "63"]

1. d4 e6 2. c4 f5 3. g3 Nf6 4. Bg2 Be7 5. Nc3 O-O 6. e4 fxe4 7. Nxe4 Nxe4 8. Bxe4 Bf6 9. Ne2 c5 10. O-O Nc6 11. d5 Nd4 12. Be3 Qb6 13. Rb1 d6 14. Nc3 e5 15. Qh5 g6 16. Qd1 Bh3 17. Bg2 Bf5 18. Ne4 Bg7 19. Bxd4 cxd4 20. Qd2 Qa6 21. b3 Rad8 22. Rbe1 b5 23. Rc1 bxc4 24. bxc4 Rc8 25. Rfe1 Qa4 26. Nxd6 Rb8 27. c5 Bd7 28. c6 Qa3 29. Nc4 Qa4 30. cxd7 Qxd7 31. Nxe5 Qf5 32. Nc6 Rb6 33. Ne7+ 1-0


[Site "https://www.chess.com"]

[Event "Titled Tuesday Blitz October 31 Late 2023"]
[White "Reprintsev, Alexander"]
[Black "Lopez Idarraga, Daniel Eduardo"]
[WhiteFideId "14100541"]
[BlackFideId "4405501"]
[WhiteElo "2498"]
[BlackElo "2411"]
[Result "0-1"]
[Round "11"]
[TimeControl "180+1"]
[Date "2023.10.31"]
[WhiteClock "0:00:20"]
[BlackClock "0:01:24"]
[Board "64"]

1. e4 c5 2. b3 d6 3. Bb2 Nc6 4. Bb5 Bd7 5. Ne2 Nf6 6. d3 g6 7. Bxf6 exf6 8. c4 Bg7 9. Nbc3 O-O 10. O-O Ne5 11. Bxd7 Qxd7 12. Nd5 Rfe8 13. h3 f5 14. f3 fxe4 15. fxe4 Rac8 16. Rc1 b5 17. Nef4 bxc4 18. dxc4 f5 19. exf5 Qxf5 20. Kh1 Nc6 21. Qc2 Qxc2 22. Rxc2 Rf8 23. Rcf2 Bd4 24. Rf3 Rce8 25. Nc7 Re3 26. Nce6 Rxf3 27. Rxf3 Rf6 28. Nxd4 Nxd4 29. Re3 Rxf4 0-1


[Site "https://www.chess.com"]

[Event "Titled Tuesday Blitz October 31 Late 2023"]
[White "HeroRubiksCube"]
[Black "ChessLebaneseSalah"]
[WhiteElo "2493"]
[BlackElo "2403"]
[Result "1-0"]
[Round "11"]
[TimeControl "180+1"]
[Date "2023.10.31"]
[WhiteClock "0:00:34"]
[BlackClock "0:00:03"]
[Board "65"]

1. e4 c5 2. Nc3 Nc6 3. f4 g6 4. Nf3 Bg7 5. Bb5 Nd4 6. O-O e6 7. a4 Ne7 8. e5 a6 9. Bc4 d5 10. exd6 Nef5 11. Ne4 Nxd6 12. Nxd6+ Qxd6 13. c3 Nxf3+ 14. Qxf3 O-O 15. d3 Bd7 16. a5 Bc6 17. Qf2 Bd5 18. Be3 Bxc4 19. dxc4 Rac8 20. Rfd1 Qc7 21. Rd2 Rfd8 22. Rxd8+ Qxd8 23. Bxc5 Qd3 24. Bb6 Rxc4 25. Qf1 Qxf1+ 26. Rxf1 Bf8 27. Rf3 Bd6 28. g3 Bc5+ 29. Bxc5 Rxc5 30. b4 Rc7 31. Rd3 Kf8 32. Kf2 Ke7 33. Ke3 f6 34. Ke4 h5 35. h4 Rc4+ 36. Ke3 e5 37. fxe5 fxe5 38. Kd2 Ke6 39. Rd8 Rg4 40. Rb8 Rxg3 41. Rxb7 e4 42. Rb6+ Kf5 43. Rxa6 Rg2+ 44. Ke3 Rg3+ 45. Kd4 Rd3+ 46. Kc4 Rd8 47. Ra7 Re8 48. Rf7+ Kg4 49. Rf1 e3 50. a6 e2 51. Re1 Kf3 52. b5 Kf2 53. Rxe2+ Kxe2 54. b6 g5 55. a7 gxh4 56. b7 h3 57. a8=Q Rxa8 58. bxa8=Q h2 59. Qh1 1-0


[Site "https://www.chess.com"]

[Event "Titled Tuesday Blitz October 31 Late 2023"]
[White "Santos Flores, Alberto"]
[Black "Nikolova, Adriana"]
[WhiteFideId "3601234"]
[BlackFideId "2908689"]
[WhiteElo "2489"]
[BlackElo "2399"]
[Result "1-0"]
[Round "11"]
[TimeControl "180+1"]
[Date "2023.10.31"]
[WhiteClock "0:00:26"]
[BlackClock "0:00:05"]
[Board "66"]

1. e4 c5 2. Nf3 Nc6 3. Nc3 d6 4. d4 cxd4 5. Nxd4 Nf6 6. Bg5 e6 7. Bb5 Bd7 8. Bxc6 Bxc6 9. Nxc6 bxc6 10. Qf3 h6 11. Bxf6 Qxf6 12. Qxf6 gxf6 13. O-O-O Be7 14. f4 h5 15. g3 d5 16. exd5 cxd5 17. f5 Bb4 18. Nb5 Kd7 19. a3 Ba5 20. Kb1 a6 21. Nd4 Rhe8 22. b4 Bb6 23. Nb3 Kc6 24. fxe6 fxe6 25. Rhf1 Rf8 26. Nd4+ Bxd4 27. Rxd4 Rf7 28. Kb2 f5 29. c4 dxc4 30. Rxc4+ Kb7 31. Re1 Re8 32. Rc5 Rfe7 33. Rce5 Kc6 34. Kb3 Kd6 35. a4 h4 36. Ra5 Ra8 37. b5 Rea7 38. Kb4 hxg3 39. hxg3 Rg7 40. Rxa6+ Rxa6 41. bxa6 Rg4+ 42. Kb5 Rxg3 43. a7 Rg8 44. Kb6 e5 45. Kb7 Rg7+ 46. Kb6 Rg8 47. Kb7 Rg7+ 48. Ka6 Rg8 49. Rb1 Ra8 50. Kb7 Rxa7+ 51. Kxa7 f4 52. a5 f3 53. a6 e4 54. Kb6 e3 55. a7 f2 56. a8=Q e2 57. Qd8+ Ke5 58. Qe7+ Kf4 59. Qxe2 Kg3 60. Rf1 1-0


[Site "https://www.chess.com"]

[Event "Titled Tuesday Blitz October 31 Late 2023"]
[White "Dmitrenko, Viktor"]
[Black "Czerw, Dawid"]
[WhiteFideId "14110270"]
[BlackFideId "1145746"]
[WhiteElo "2383"]
[BlackElo "2479"]
[Result "1-0"]
[Round "11"]
[TimeControl "180+1"]
[Date "2023.10.31"]
[WhiteClock "0:00:18"]
[BlackClock "0:03:01"]
[Board "67"]

1. d4 c5 2. c3 e6 3. Nf3 Nf6 4. Bg5 b6 5. Nbd2 Be7 6. a4 O-O 7. e3 Bb7 8. Bd3 a6 9. O-O h6 10. Bh4 d6 11. Qe2 Nbd7 12. e4 Re8 13. e5 dxe5 14. dxe5 Nd5 15. Bg3 Nf8 16. Ne4 Ng6 17. Bc2 Qc7 18. Nd6 Bxd6 19. exd6 Qc6 20. Qe4 f5 21. Qc4 Ndf4 22. Bxf4 Nxf4 23. Qxf4 e5 24. Qxf5 e4 25. Ne5 Qxd6 26. Qf7+ Kh8 27. Qxb7 Qxe5 28. Rae1 Rab8 29. Qxa6 Re6 30. Qc4 Rbe8 31. f4 Qf5 32. Re3 Rd8 33. Rxe4 Rd2 34. Qxe6 Qxe6 35. Rxe6 Rxc2 36. Rxb6 Rxb2 37. Rxb2 1-0


[Site "https://www.chess.com"]

[Event "Titled Tuesday Blitz October 31 Late 2023"]
[White "Seletsky, Grigory"]
[Black "Fernandez, Maria Florencia"]
[WhiteFideId "14112191"]
[BlackFideId "116459"]
[WhiteElo "2476"]
[BlackElo "2341"]
[Result "1/2-1/2"]
[Round "11"]
[TimeControl "180+1"]
[Date "2023.10.31"]
[WhiteClock "0:00:03"]
[BlackClock "0:00:07"]
[Board "68"]

1. e4 c5 2. Nc3 d6 3. f4 Nc6 4. Nf3 g6 5. Bc4 Bg7 6. d3 e6 7. O-O Nge7 8. Qe1 O-O 9. f5 exf5 10. Qh4 Ne5 11. Nxe5 dxe5 12. Bg5 Qd4+ 13. Kh1 Nc6 14. Nd5 Qxb2 15. Nf6+ Bxf6 16. Bxf6 h5 17. Qg5 Kh7 18. exf5 Bxf5 19. Rab1 Qxc2 20. Rbc1 Qe2 21. Rxf5 Nd4 22. Rxe5 Qf2 23. Re4 Rae8 24. Qh4 Qd2 25. Bg5 Qb2 26. Rf1 Rxe4 27. Qxe4 Ne6 28. Bf6 Qd2 29. Bxe6 fxe6 30. h4 Qh6 31. g3 Rf7 32. Kg2 Qf8 33. Qxe6 Kh6 34. Rf2 Kh7 35. Rf3 b6 36. Qe5 Rb7 37. Bg5 Rf7 38. Rxf7+ Qxf7 39. Qf6 Qxf6 40. Bxf6 Kg8 41. Bd8 Kf7 42. Kf3 Ke6 43. Ke4 Kd7 44. Bg5 Kc6 45. Bf4 b5 46. Ke5 a5 47. Be3 a4 48. Ke6 b4 49. Bc1 Kb5 50. Kd5 b3 51. a3 Kb6 52. Bb2 Kb5 53. Bc3 Kb6 54. Kc4 Kc6 55. d4 cxd4 56. Kxd4 Kd6 57. Bb2 Ke6 58. Kc3 Kd5 59. Kd3 Kc5 60. Bc1 Kd5 61. Be3 Ke5 62. Kc3 Ke4 63. Bf4 Kf3 64. Be5 Ke2 65. Kb2 Kd3 66. Bf4 Kc4 67. Bg5 Kd4 68. Bf6+ Kc4 69. Kc1 Kd3 70. Kd1 Ke3 71. Kc1 Kd3 72. Kb2 Kd2 73. Bc3+ Kd3 74. Bb4 Ke3 75. Bd6 Kd3 76. Be5 Kc4 77. Bf4 Kd3 78. Bh6 Kc4 79. Bg7 Kd3 80. Kb1 Kd2 81. Kb2 Kd3 82. Bf6 Kd2 83. Be5 Kd3 84. Bc3 Ke2 85. Kc1 Kd3 86. Bb2 Ke2 87. Kb1 Kd2 88. Bc1+ Kd3 89. Kb2 Kc4 90. Bf4 Kd3 91. Be5 Kc4 92. Bf4 1/2-1/2


[Site "https://www.chess.com"]

[Event "Titled Tuesday Blitz October 31 Late 2023"]
[White "Shapiro, Daniel"]
[Black "Bilan, Danila"]
[WhiteFideId "2001780"]
[BlackFideId "24161918"]
[WhiteElo "2340"]
[BlackElo "2461"]
[Result "1-0"]
[Round "11"]
[TimeControl "180+1"]
[Date "2023.10.31"]
[WhiteClock "0:00:29"]
[BlackClock "0:00:03"]
[Board "69"]

1. d4 e6 2. c4 Nf6 3. g3 d5 4. Nf3 Bb4+ 5. Bd2 Qe7 6. Qc2 b6 7. Qa4+ Nbd7 8. Bxb4 c5 9. Ba3 O-O 10. Bg2 Bb7 11. O-O a6 12. dxc5 bxc5 13. Nbd2 Rab8 14. Qc2 Rfc8 15. b3 d4 16. Nxd4 Bxg2 17. Kxg2 Ne5 18. N4f3 Qb7 19. Bb2 Nc6 20. Rae1 Rd8 21. Kg1 Qe7 22. Rd1 h6 23. Ne4 Ne8 24. Qc3 e5 25. Qe3 Nd4 26. Nc3 f6 27. Nd5 Qf7 28. Nxd4 cxd4 29. Qf3 Nd6 30. Qg2 Nxc4 31. bxc4 Rxb2 32. f4 Qh5 33. Qf3 Qxf3 34. exf3 Rxa2 35. fxe5 fxe5 36. Rfe1 Re8 37. f4 Rc2 38. Rxe5 Rxe5 39. fxe5 Rxc4 40. e6 Rc6 41. Ne7+ 1-0


[Site "https://www.chess.com"]

[Event "Titled Tuesday Blitz October 31 Late 2023"]
[White "Belenkaya, Dina"]
[Black "Florianovitz, Derlei Alex"]
[WhiteFideId "24142654"]
[BlackFideId "2114178"]
[WhiteElo "2447"]
[BlackElo "2288"]
[Result "1-0"]
[Round "11"]
[TimeControl "180+1"]
[Date "2023.10.31"]
[WhiteClock "0:01:01"]
[BlackClock "0:00:11"]
[Board "70"]

1. Nf3 c5 2. g3 Nc6 3. Bg2 g6 4. O-O Bg7 5. e4 e5 6. Nc3 Nge7 7. d3 d6 8. h3 O-O 9. Nh4 a6 10. Bg5 f6 11. Be3 b5 12. Qd2 b4 13. Nd5 Nxd5 14. exd5 Ne7 15. Bh6 Bb7 16. Bxg7 Kxg7 17. c4 bxc3 18. bxc3 Bxd5 19. d4 Bxg2 20. Kxg2 e4 21. Kg1 Nc6 22. Rab1 cxd4 23. Rb7+ Rf7 24. Rxf7+ Kxf7 25. Qh6 Qf8 26. Qf4 g5 27. Qxe4 gxh4 28. Qxc6 dxc3 29. Qxc3 Rc8 30. Qb3+ Kg7 31. Rb1 Qe7 32. Qf3 hxg3 33. Qg4+ Kh8 34. Qxc8+ 1-0


[Site "https://www.chess.com"]

[Event "Titled Tuesday Blitz October 31 Late 2023"]
[White "Makaraci, Tunahan"]
[Black "De Souza, Cristiano Gomes"]
[WhiteFideId "6356559"]
[BlackFideId "2151758"]
[WhiteElo "2446"]
[BlackElo "2265"]
[Result "0-1"]
[Round "11"]
[TimeControl "180+1"]
[Date "2023.10.31"]
[WhiteClock "0:01:04"]
[BlackClock "0:00:56"]
[Board "71"]

1. e4 c5 2. b3 Nc6 3. Bb2 d6 4. Bb5 Bd7 5. Ne2 e5 6. f4 g6 7. O-O Bg7 8. Bxc6 Bxc6 9. d3 Nh6 10. Nd2 O-O 11. Nf3 Ng4 12. Qd2 f5 13. h3 fxe4 14. dxe4 Nf6 15. fxe5 Nxe4 16. Qe3 d5 17. Rad1 d4 18. Nexd4 cxd4 19. Nxd4 Rxf1+ 20. Rxf1 Ng5 21. Nxc6 bxc6 22. Qc5 Qd5 23. Qxd5+ cxd5 24. Rd1 Rd8 25. c4 Nf7 26. cxd5 Nxe5 27. Kh1 Nf7 28. Bxg7 Kxg7 29. Kg1 Kf6 30. Kf2 Ng5 31. Ke3 Ke5 32. d6 Rxd6 33. Rxd6 Kxd6 34. h4 Ne6 35. g4 h6 36. h5 gxh5 37. gxh5 Ng7 38. Kf4 Nxh5+ 39. Kg4 Nf6+ 0-1


[Site "https://www.chess.com"]

[Event "Titled Tuesday Blitz October 31 Late 2023"]
[White "Souza, Gustavo Horokoski De"]
[Black "Devagharan, Devina"]
[WhiteFideId "2146584"]
[BlackFideId "2061600"]
[WhiteElo "2214"]
[BlackElo "2438"]
[Result "1-0"]
[Round "11"]
[TimeControl "180+1"]
[Date "2023.10.31"]
[WhiteClock "0:00:28"]
[BlackClock "0:00:00"]
[Board "72"]

1. c4 e6 2. e4 d5 3. exd5 exd5 4. d4 Nf6 5. Nc3 c6 6. Nf3 Be7 7. cxd5 Nxd5 8. Bc4 Nxc3 9. bxc3 O-O 10. O-O Nd7 11. Re1 Nf6 12. h3 a6 13. Bf4 b5 14. Bb3 Bb7 15. a4 c5 16. axb5 axb5 17. dxc5 Rxa1 18. Qxa1 Bxf3 19. gxf3 Bxc5 20. c4 b4 21. Qe5 Bd4 22. Qg5 Re8 23. Rd1 Qb6 24. Bg3 h6 25. Qd2 Bc3 26. Qd3 Qc5 27. Kg2 Nh5 28. Bc2 g6 29. Qd5 Qb6 30. c5 Qf6 31. Qd6 Qg5 32. h4 Qf6 33. Qxf6 Nxf6 34. c6 Rc8 35. c7 Nh5 36. Rd8+ 1-0


[Site "https://www.chess.com"]

[Event "Titled Tuesday Blitz October 31 Late 2023"]
[White "Tokhirjonova, Gulrukhbegim"]
[Black "Todorovic, Bojan"]
[WhiteFideId "14203626"]
[BlackFideId "917087"]
[WhiteElo "2647"]
[BlackElo "2382"]
[Result "1-0"]
[Round "11"]
[TimeControl "180+1"]
[Date "2023.10.31"]
[WhiteClock "0:00:09"]
[BlackClock "0:00:00"]
[Board "73"]

1. g3 c6 2. Bg2 g6 3. d4 Bg7 4. c4 Nf6 5. Nc3 O-O 6. e4 d6 7. Nge2 e5 8. Be3 Ng4 9. Bc1 exd4 10. Nxd4 Qb6 11. Nce2 Nd7 12. O-O Nc5 13. Rb1 a5 14. h3 Ne5 15. b3 Bd7 16. Be3 Qc7 17. Kh2 Rad8 18. f4 Ned3 19. a3 d5 20. cxd5 cxd5 21. e5 Nxe5 22. fxe5 Bxe5 23. Bf4 Ne4 24. Rc1 Qd6 25. Bxe5 Qxe5 26. Nf3 Qd6 27. Nf4 Bc6 28. Qd4 Qxa3 29. Ne5 Qxb3 30. Rf3 Qb4 31. Nxc6 bxc6 32. Qxb4 axb4 33. Rxc6 Nc3 34. Rd3 d4 35. Rb6 Rb8 36. Rxb8 Rxb8 37. Nd5 b3 38. Rxd4 Nxd5 39. Rxd5 b2 40. Be4 b1=Q 41. Bxb1 Rxb1 42. h4 h5 43. Rd7 Kg7 44. Kg2 Kf6 45. Ra7 Rb6 46. Kf3 Rb3+ 47. Kf4 Rb4+ 48. Kf3 Rb5 49. Ra6+ Kf5 50. Ra3 f6 51. Re3 g5 52. hxg5 fxg5 53. Ra3 Rc5 54. Rb3 Rd5 55. Rc3 Re5 56. Rd3 g4+ 57. Kf2 Ke4 58. Ra3 Rf5+ 59. Kg2 Rd5 60. Ra4+ Rd4 61. Ra5 Rd2+ 62. Kg1 Kf3 63. Ra3+ Ke2 64. Ra5 1-0


[Site "https://www.chess.com"]

[Event "Titled Tuesday Blitz October 31 Late 2023"]
[White "Al-Tarboush, Ward"]
[Black "Bokros, Albert"]
[WhiteFideId "7601450"]
[BlackFideId "710458"]
[WhiteElo "2624"]
[BlackElo "2346"]
[Result "1-0"]
[Round "11"]
[TimeControl "180+1"]
[Date "2023.10.31"]
[WhiteClock "0:02:50"]
[BlackClock "0:01:56"]
[Board "74"]

1. e4 Nf6 2. e5 Nd5 3. d4 d6 4. Nf3 Nb6 5. Bd3 g6 6. O-O Bg7 7. exd6 cxd6 8. h3 O-O 9. c4 Nc6 10. Be3 d5 11. c5 Nc4 12. Bxc4 dxc4 13. Nc3 Bf5 14. d5 Nb4 15. Bd4 Bd3 16. Bxg7 Kxg7 17. Re1 Nc2 18. Ne5 Nxe1 19. Qxe1 f6 20. Nf3 Rc8 21. Nd4 Kf7 22. Qe6+ Kg7 23. Qe3 Kf7 24. Ne6 Qa5 25. Qh6 g5 26. Qg7+ Ke8 27. Qxf8+ Kd7 28. c6+ bxc6 29. dxc6+ Kxe6 30. Qxc8+ Kf7 31. Re1 1-0


[Site "https://www.chess.com"]

[Event "Titled Tuesday Blitz October 31 Late 2023"]
[White "Flameboard08"]
[Black "Kujawski, Adam"]
[BlackFideId "1100920"]
[WhiteElo "2573"]
[BlackElo "2341"]
[Result "1-0"]
[Round "11"]
[TimeControl "180+1"]
[Date "2023.10.31"]
[WhiteClock "0:00:04"]
[BlackClock "0:00:19"]
[Board "75"]

1. f4 d5 2. Nf3 c5 3. d3 Nc6 4. g3 g6 5. Bg2 Bg7 6. O-O Nf6 7. Nbd2 d4 8. e4 dxe3 9. Nc4 Bd7 10. Bxe3 b6 11. Nfe5 Rc8 12. h3 O-O 13. g4 Nb4 14. Bd2 Be6 15. a3 Nbd5 16. f5 Bd7 17. fxg6 hxg6 18. g5 b5 19. gxf6 exf6 20. Nxd7 Qxd7 21. Ne3 Nxe3 22. Bxe3 f5 23. c3 Rfe8 24. Bf4 b4 25. Qd2 bxc3 26. bxc3 Rcd8 27. Rad1 Qa4 28. c4 Qxa3 29. Bd5 Qc3 30. Qxc3 Bxc3 31. Rb1 Bd4+ 32. Kh1 Be5 33. Rb7 Bxf4 34. Bxf7+ Kf8 35. Bxe8 Be5 36. Bxg6 f4 37. Rf7+ Kg8 38. Rf5 Bd4 39. Bf7+ Kg7 40. R1xf4 Rd6 41. Rg4+ Kf8 42. Bd5+ Ke7 43. Rf7+ Kd8 44. Rg8# 1-0


[Site "https://www.chess.com"]

[Event "Titled Tuesday Blitz October 31 Late 2023"]
[White "Kochiev, Ivan"]
[Black "Szente Varga, Fruzsina"]
[WhiteFideId "2917890"]
[BlackFideId "712264"]
[WhiteElo "2555"]
[BlackElo "2323"]
[Result "1-0"]
[Round "11"]
[TimeControl "180+1"]
[Date "2023.10.31"]
[WhiteClock "0:00:45"]
[BlackClock "0:00:00"]
[Board "76"]

1. e4 c5 2. Nf3 Nc6 3. d4 cxd4 4. Nxd4 g6 5. c4 Bg7 6. Be3 Nf6 7. Nc3 O-O 8. Be2 d6 9. O-O Bd7 10. Nc2 a5 11. Qd2 Nb4 12. Rfd1 Bc6 13. f3 Nxc2 14. Qxc2 Nd7 15. b3 Nc5 16. Bxc5 a4 17. Be3 Qa5 18. Rac1 Rfc8 19. Qd2 Qh5 20. Nd5 Bxd5 21. cxd5 Qh4 22. bxa4 Be5 23. f4 Bg7 24. Rxc8+ Rxc8 25. Rc1 Ra8 26. Qb4 h5 27. Qd2 Rxa4 28. Bf2 Qf6 29. Rb1 Rxe4 30. Rxb7 Qa1+ 31. Bf1 Bd4 32. Bxd4 Rxd4 33. Qe2 Rd1 34. Rxe7 Qd4+ 35. Kh1 Ra1 36. h3 Qxf4 37. Re8+ Kh7 38. Kg1 Qd4+ 39. Qe3 Qxd5 40. Qc3 Qc5+ 41. Qxc5 dxc5 42. Rc8 Rxa2 43. Rxc5 Ra1 44. Kf2 Kg7 45. Bc4 f5 46. h4 Kh6 47. Rc7 g5 48. Rc6+ Kg7 49. hxg5 Rc1 50. Kg3 1-0


[Site "https://www.chess.com"]

[Event "Titled Tuesday Blitz October 31 Late 2023"]
[White "Fominykh, Maria"]
[Black "Tifferet, Shaked"]
[WhiteFideId "4142411"]
[BlackFideId "2811529"]
[WhiteElo "2318"]
[BlackElo "2543"]
[Result "1-0"]
[Round "11"]
[TimeControl "180+1"]
[Date "2023.10.31"]
[WhiteClock "0:00:36"]
[BlackClock "0:01:11"]
[Board "77"]

1. d4 g6 2. c4 f5 3. Nc3 Nf6 4. g3 Bg7 5. Bg2 O-O 6. Nh3 e6 7. O-O Nc6 8. d5 Ne5 9. b3 d6 10. dxe6 c6 11. Nf4 Qe7 12. Ba3 Rd8 13. Qc2 Bxe6 14. Nxe6 Qxe6 15. Rad1 Nf7 16. e4 f4 17. gxf4 Qg4 18. Bc1 Nh5 19. Ne2 Bh6 20. h3 Qh4 21. f5 Bxc1 22. Rxc1 gxf5 23. exf5 Kh8 24. Qe4 Qf6 25. Qd4 Ne5 26. f4 Nd7 27. Rcd1 Qxd4+ 28. Rxd4 Ndf6 29. Rfd1 Re8 30. Bf3 Ng7 31. Ng3 Re3 32. Kf2 Rae8 33. Rxd6 Rxf3+ 34. Kxf3 Rf8 35. Rxf6 Rxf6 36. Rd8+ Ne8 37. Rxe8+ Kg7 38. Nh5+ Kf7 39. Nxf6 Kxf6 40. Rb8 b5 41. cxb5 cxb5 42. Rxb5 a6 43. Ra5 h5 44. Ke4 h4 45. Rxa6+ Kg7 46. Ke5 Kh7 47. Kf6 Kh6 48. Ke5+ Kh5 49. f6 Kg6 50. Ke6 Kh5 51. f7 Kg6 52. Ke7+ Kh5 53. Ra5+ Kg6 54. f8=Q Kh7 55. Qf7+ Kh6 56. Rh5# 1-0


[Site "https://www.chess.com"]